AoeStats
← Metal

Arabia

510225520Analyzed
2v2 RM · 2d ago on Sep 30, 2026· 53m 36s· 4 players
Game mode
Random Map
Map size
Medium (4 player)
Population
200
Speed
Normal
Resources
Standard
Victory
Conquest
Starting age
Dark Age
Ending age
Imperial Age
RankedLock teamsTeams togetherTeam positionsShared explorationLock speedFull tech treeHidden civsTurbo modeCheats
Victory
Defeat
🇺🇸 Japanese · United States
903
+13
🇺🇸 Romans · United States
887
+13
🇦🇷 Chinese · Argentina
850
-14
🇦🇷 Danes · Argentina
816
-12
EHay14
13:46 Feudal Age
13:47 Man-at-Arms
16:36 Double-Bit Axe
22:03 Bloodlines
26:06 Castle Age
26:45 Long Swordsman
35:06 Husbandry
35:16 Bloodlines
42:59 Imperial Age
42:21 Elite Skirmisher
43:42 Bow Saw
44:49 Wheelbarrow
45:56 Legionary
47:25 Hand Cart
49:10 Ballistas
51:15 Gold Mining
51:15 Stone Mining
51:55 Comitatenses
51:16 Heavy Scorpion
boo radley
7:30 Loom
9:42 Feudal Age
10:09 Man-at-Arms
10:36 Double-Bit Axe
10:32 Horse Collar
13:43 Arson
16:36 Fletching
23:22 Castle Age
22:48 Wheelbarrow
22:17 Padded Archer Armor
22:10 Gold Mining
23:24 Crossbowman
24:00 Bodkin Arrow
24:17 Bow Saw
26:52 Ballistics
28:00 Heavy Plow
29:46 Hand Cart
34:48 Thumb Ring
35:02 Leather Archer Armor
41:17 Imperial Age
42:45 Arbalester
43:33 Bracer
44:35 Two-Man Saw
44:47 Ring Archer Armor
43:56 Capped Ram
49:18 Conscription
53:55 Kataparuto
53:36 Yasama
Metal
0:42 Loom
12:03 Feudal Age
14:22 Double-Bit Axe
14:40 Fletching
22:16 Gold Mining
22:07 Horse Collar
26:18 Castle Age
26:13 Stone Mining
26:56 Town Watch
28:46 Bow Saw
28:40 Bodkin Arrow
29:02 Heavy Plow
31:21 Padded Archer Armor
34:34 Wheelbarrow
34:45 Leather Archer Armor
35:57 Pikeman
36:38 Squires
36:42 Scale Mail Armor
37:36 Ballistics
37:53 Squires
39:37 Thumb Ring
43:14 Forging
47:39 Imperial Age
45:56 Elite Skirmisher
48:51 Conscription
48:37 Bracer
50:39 Ring Archer Armor
50:35 Elite Chu Ko Nu
52:51 Hand Cart
53:40 Chemistry
BeRnY
3:11 Loom
11:29 Feudal Age
11:51 Man-at-Arms
22:33 Double-Bit Axe
24:27 Forging
24:08 Fletching
24:42 Town Watch
25:30 Gold Mining
25:33 Stone Mining
25:39 Horse Collar
26:11 Padded Archer Armor
27:34 Scale Mail Armor
38:48 Castle Age
Connection lost

Rejoining the realm…

Still unreachable

The connection could not be restored.

Session expired

The server has moved on; the page needs a fresh start.